 Dungeon Sprint DCSS version 0.29-a0-194-g6e3aafee17 (webtiles) character file.

Game seed: 7311859072596002461

151 mhtbhm the Spear-Bearer (level 5, -2/72 HPs)
             Began as a Merfolk Berserker on Feb 23, 2022.
             Was an Elder of Trog.
             Slain by a fire elemental (10 damage)
             ... summoned by a deep elf pyromancer
             ... in the Dungeon (Sprint III: "The Ten Rune Challenge").
             The game lasted 00:01:10 (727 turns).

mhtbhm the Spear-Bearer (Merfolk Berserker)          Turns: 727, Time: 00:01:11

Health: -2/72      AC:  4    Str: 19    XL:     5   Next: 33%
Magic:  5/5        EV: 14    Int:  7    God:    Trog [****..]
Gold:   26         SH:  0    Dex: 13    Spells: 4/4 levels left

rFire   . . .      SeeInvis .   a - +0 spear
rCold   . . .      Faith    .   (no shield)
rNeg    . . .      Spirit   .   b - +0 animal skin
rPois   .          Reflect  .   (no helmet)
rElec   .          Harm     .   (no cloak)
rCorr   .          Rampage  .   (no gloves)
Will    .....      NoTele   +   (no boots)
Stlth   ..........              (no amulet)
HPRegen 0.22/turn               (no ring)
MPRegen 0.09/turn               (no ring)

@: berserking, very quick
A: (nimble swimmer 2), mertail, iridescent scales 1, MP-powered wands
a: Renounce Religion, Berserk, Trog's Hand, Brothers in Arms


You were in the Dungeon.
You worshipped Trog.
Trog was greatly pleased with you.
You visited 1 branch You collected 26 gold pieces.

Inventory:

Hand Weapons
 a - a +0 spear (weapon)
Armour
 b - a +0 animal skin (worn)
Scrolls
 h - a scroll of blinking
 i - a scroll of fog {unknown}
 k - a scroll of torment {unknown}
 l - 2 scrolls of identify {unknown}
 n - a scroll of immolation {unknown}
Potions
 c - a potion of curing
 e - a potion of haste
 f - 2 potions of magic
 g - a potion of berserk rage
 j - 4 potions of mutation
 m - a potion of flight {unknown}
 o - a potion of cancellation {unknown}


   Skills:
 + Level 7.3 Fighting
 + Level 9.6 Polearms
 + Level 2.3 Armour
 + Level 5.2 Dodging
 + Level 2.5 Stealth


You had 4 spell levels left.
You didn't know any spells.
Your spell library was empty.

Dungeon Overview and Level Annotations

Branches:
Dungeon (1/1)

Altars:
Elyvilon
Kikubaaqudgha
Sif Muna
Vehumet
Zin
The Shining One


Innate Abilities, Weirdness & Mutations

((You are very nimble when in or above water. (Stealth+, EV+, Speed+++)))
Your lower body shifts to a powerful aquatic tail in water.
You are partially covered in iridescent scales. (AC +2)
You expend magic power (3 MP) to strengthen your wands.


Message History

You open the door.
Found three altars.
A deep elf pyromancer comes into view.
It is wielding a +0 long sword of holy wrath.
Found a potion of heal wounds.
There is an open door here.
You reach to attack!
The helpless deep elf pyromancer fails to defend itself.
You hit the deep elf pyromancer.
The deep elf pyromancer is lightly wounded.
The deep elf pyromancer casts a spell at you.
The bolt of fire hits you!!
Ouch! That really hurt!
* * * LOW HITPOINT WARNING * * *
You feel better.
A red film seems to cover your vision as you go berserk!
You feel yourself moving faster!
You feel mighty!
The deep elf pyromancer mumbles some strange words.
You are too injured to fight recklessly!
You closely miss the deep elf pyromancer.
The deep elf pyromancer is lightly wounded.
You hit the deep elf pyromancer.
The deep elf pyromancer is moderately wounded.
The deep elf pyromancer hits you with a +0 long sword of holy wrath!
* * * LOW HITPOINT WARNING * * *
The fire elemental closely misses you.
You closely miss the deep elf pyromancer.
The deep elf pyromancer is moderately wounded.
Unknown command.
You puncture the deep elf pyromancer!
The deep elf pyromancer is heavily wounded.
The deep elf pyromancer gestures at you while chanting.
The bolt of fire misses you.
You closely miss the deep elf pyromancer.
The deep elf pyromancer is heavily wounded.
The fire elemental hits you. The fire elemental burns you!
* * * LOW HITPOINT WARNING * * *
You barely miss the deep elf pyromancer.
The deep elf pyromancer is heavily wounded.
The fire elemental hits you. The fire elemental burns you!
You die...

▓▓▓▓▓▓▓ ▓▓▓ .'....♣♣♣
♣.##### .#......♣
♣.#°E_# ##....♣.♣
♣.#○e.#
.#....≈♣♣♣♣♣.###@#+###+#
.#...≈≈...♣♣.#..E.......
.#..≈≈≈≈♣.♣..'.⌠........
'#..≈≈≈≈≈≈♣..#...######+
.#.≈≈≈≈≈≈....#.⌠.#
.#.≈≈≈≈≈.....#...#
.#.≈≈≈.......#)###
##...........#.:)#
....÷........#___#


You could see a deep elf pyromancer and 2 fire elementals.

Vanquished Creatures
  A water elemental (D)
  Jessica (D)
  A wizard (D)
  A kobold demonologist (D)
  A human (D)
  A phantom (D)
  An endoplasm (D)
  2 rats (D)
9 creatures vanquished.

Notes
Turn   | Place    | Note
-------+----------+-------------------------------------------
     0 | D        | mhtbhm the Merfolk Berserker began the quest for the Orb.
     0 | D        | Reached XP level 1. HP: 18/18 MP: 1/1
    38 | D        | Noticed Jessica
    41 | D        | Reached ** piety under Trog
    44 | D        | Killed Jessica
    45 | D        | Reached skill level 5 in Fighting
    45 | D        | Reached skill level 6 in Polearms
    45 | D        | Reached XP level 2. HP: 27/27 MP: 2/2
    45 | D        | Reached XP level 3. HP: 33/33 MP: 3/3
    88 | D        | Reached skill level 7 in Polearms
   331 | D        | Reached *** piety under Trog
   352 | D        | Gained mutation: You are partially covered in iridescent
                  | scales. (AC +2) [potion of mutation]
   352 | D        | Gained mutation: You are weak. (Str -2) [potion of
                  | mutation]
   352 | D        | Lost mutation: You are weak. (Str -2) [potion of mutation]
   352 | D        | Gained mutation: You expend magic power (3 MP) to
                  | strengthen your wands. [potion of mutation]
   374 | D        | Noticed a water elemental
   390 | D        | Killed a water elemental
   391 | D        | Reached skill level 8 in Polearms
   391 | D        | Reached skill level 1 in Stealth
   391 | D        | Reached XP level 4. HP: 18/41 MP: 4/4
   608 | D        | Found a radiant altar of Vehumet.
   608 | D        | Found a shimmering blue altar of Sif Muna.
   608 | D        | Found an ancient bone altar of Kikubaaqudgha.
   608 | D        | Noticed a wizard
   611 | D        | Killed a wizard
   612 | D        | Reached skill level 9 in Polearms
   612 | D        | Reached skill level 5 in Dodging
   612 | D        | Reached XP level 5. HP: 41/48 MP: 5/5
   659 | D        | Reached **** piety under Trog
   717 | D        | Found a glowing silver altar of Zin.
   717 | D        | Found a glowing golden altar of the Shining One.
   717 | D        | Found a white marble altar of Elyvilon.
   718 | D        | Noticed a deep elf pyromancer
   722 | D        | Noticed a fire elemental
   722 | D        | Noticed a fire elemental
   727 | D        | Slain by a fire elemental

Illustrated notes

Levels and vault maps discovered:
D:        dungeon_sprint_mu [sprint_mu_entry_forest, sprint_mu_temple_rooms,
          sprint_mu_d1_spiders, sprint_mu_d2_genie, sprint_mu_d3_branching,
          sprint_mu_orc_legion, sprint_mu_elf_gauntlet, sprint_mu_hive_nellie,
          sprint_mu_lair_fedhas, sprint_mu_vaults_butterflies,
          sprint_mu_slime_circle, sprint_mu_swamp_cave, sprint_mu_snake_twists,
          sprint_mu_blade_basic, sprint_mu_crypt_lich, sprint_mu_tomb_spiral,
          sprint_mu_vestibule_basic, sprint_mu_gehenna_hellfire,
          sprint_mu_dis_giant, sprint_mu_tartarus_statrot,
          sprint_mu_cocytus_islands, sprint_mu_zot1]

Skill      XL: |  1  2  3  4 |
---------------+-------------+-----
Fighting       | 5 6 7 |  7.3
Polearms       | 6 8 9 |  9.6
Dodging        | 3 4 5 |  5.2
Armour         | 2 |  2.3
Stealth        | 1 2 |  2.5

Action                   |  1- 3 |  4- 6 || total
-------------------------+-------+-------++-------
Melee: Spear             |    44 |    15 ||    59
Invok: Berserk           |     1 |     1 ||     2
  Use: Potion            |     2 |     1 ||     3
 Stab: Sleeping          |     2 |     1 ||     3
Armor: Animal skin       |       |     3 ||     3
Dodge: Dodged            |    12 |    10 ||    22

Table legend: (Time is in decaauts)
 A = Elapsed time spent in this place.
 B = Non-inter-level travel time spent in this place.
 C = Inter-level travel time spent in this place.
 D = Time resting spent in this place.
 E = Time spent auto-exploring this place.
 F = Levels seen in this place.
 G = Mean time per level.
                   A        B        C        D        E       F      G
               +--------+--------+--------+--------+--------+-----+--------+
         Total |    716 |    716 |      0 |    521 |     42 |   1 |  716.0 |
       Dungeon |    716 |    716 |      0 |    521 |     42 |   1 |  716.0 |
               +--------+--------+--------+--------+--------+-----+--------+

Top non-repeatable levels by time:
       D: 716 daAuts
